 Dungeon Crawl Stone Soup version 0.30.1-11-g7821555f0a (webtiles) character file.

Game seed: 2460014302996250702

2719 porpoise the Spear-Bearer (level 9, -6/71 (72) HPs)
             Began as a Merfolk Gladiator on Dec 27, 2023.
             Mangled by an orc warrior
             ... wielding a +0 glaive
              (16 damage)
             ... on level 8 of the Dungeon.
             The game lasted 00:18:48 (6110 turns).

porpoise the Spear-Bearer (Merfolk Gladiator)       Turns: 6110, Time: 00:18:49

HP:   -6/71 (72)    AC:  5    Str: 19    XL:     9   Next: 66%
MP:   9/9           EV: 13    Int:  7    God:
Gold: 390           SH:  0    Dex: 15    Spells: 8/8 levels left

rFire   . . .        a - +0 trident
rCold   . . .        (no shield)
rNeg    . . .        C - +0 leather armour {rPois}
rPois   +            c - +0 helmet
rElec   .            (no cloak)
rCorr   .            (no gloves)
SInv    .            r - +0 pair of boots
Will    .....        p - amulet of regeneration
Stlth   +            (no ring)
HPRegen 1.11/turn    (no ring)
MPRegen 0.11/turn

%: no passive effects
@: lightly drained
A: (nimble swimmer 2), mertail
a: no special abilities


You were on level 8 of the Dungeon.
You visited 1 branch of the dungeon, and saw 8 of its levels.

You collected 390 gold pieces.

Inventory:

Hand Weapons
 a - a +0 trident (weapon)
 b - a +0 sling
 D - a +2 spear of flaming
 H - a +0 antimagic hand axe
Missiles
 d - 3 throwing nets
 e - 5 javelins
 l - 4 boomerangs of dispersal
 o - 23 poisoned darts (quivered)
 E - 2 boomerangs
Armour
 c - a +0 helmet (worn)
 g - a +0 leather armour
 j - a +0 ring mail
 r - a +0 pair of boots (worn)
 C - a +0 leather armour of poison resistance (worn)
 K - +0 steam dragon scales
Magical Staves
 J - the staff of air "Iczumn" {rElec rF+ rC++}
   (You found it on level 7 of the Dungeon)

   [staff of air]

   Base accuracy: +5 Base damage: 5 Base attack delay: 1.2 This weapon's minimum
   attack delay (0.6) is reached at skill level 12.
   rF:        It protects you from fire.
   rC:        It greatly protects you from cold.
   rElec:     It insulates you from electricity.
   It falls into the 'Staves' category.
   It is a one-handed weapon.
Jewellery
 p - an amulet of regeneration (around neck)
 w - a ring of positive energy
 G - a ring of ice
Wands
 F - a wand of mindburst (15)
Scrolls
 f - a scroll of torment
 h - a scroll of silence {unknown}
 i - 3 scrolls of fear
 k - a scroll of magic mapping {unknown}
 n - a scroll of blinking
 u - a scroll of acquirement {unknown}
 v - 2 scrolls of noise
 x - a scroll of teleportation {unknown}
 y - a scroll of poison {unknown}
 A - a scroll of vulnerability {unknown}
 L - a scroll of enchant weapon {unknown}
 M - a scroll of immolation {unknown}
 N - a scroll of amnesia {unknown}
 P - a scroll of identify
Potions
 m - 3 potions of curing
 q - 3 potions of attraction
 s - 2 potions of heal wounds
 t - a potion of magic
 z - a potion of mutation
 B - a potion of cancellation
 I - a potion of lignification
 O - a potion of haste {unknown}


   Skills:
 - Level 7.0 Fighting
 - Level 14.0 Polearms
 - Level 2.0 Throwing
 + Level 3.0 Armour
 + Level 4.2 Dodging
 + Level 0.5 Evocations


You had 8 spell levels left.
You didn't know any spells.
Your spell library contained the following spells:

 Spells                   Type           Power      Damage    Failure   Level
 Beastly Appendage        Tmut           0%         N/A       50%         1
 Wereblood                Tmut           0%         N/A       63%         2
 Spider Form              Tmut/Pois      0%         N/A       86%         3


Dungeon Overview and Level Annotations

Branches:
Dungeon (8/15)             Temple (0/1) D:7
   Lair: D:8-11

Altars:
Gozag
Okawaru
Trog
Uskayaw

Shops:
D:1 [   D:4 *   D:5 (


Innate Abilities, Weirdness & Mutations

((You are very nimble when in or above water. (Stealth+, EV+, Speed+++)))
Your lower body shifts to a powerful aquatic tail in water.


Message History

You hit the orc warrior but do no damage.
You puncture the orc warrior!
The orc warrior is moderately wounded.
The orc warrior closely misses you.
You hit the orc warrior but do no damage.
The orc warrior is moderately wounded.
You barely miss the orc warrior.
The orc warrior is moderately wounded.
The orc warrior hits you with a +0 glaive!
You puncture the orc warrior!
The orc warrior is heavily wounded.
The orc warrior barely misses you.
You closely miss the orc warrior.
The orc warrior is heavily wounded.
You hit the orc warrior but do no damage.
The orc warrior is heavily wounded.
The orc warrior hits you with a +0 glaive!
You are too injured to fight recklessly!
You are too injured to fight recklessly!
You are too injured to fight recklessly!
You barely miss the orc warrior.
The orc warrior is heavily wounded.
You hit the orc warrior.
The orc warrior is severely wounded.
The orc warrior hits you with a +0 glaive!
You barely miss the orc warrior.
The orc warrior is severely wounded.
The orc warrior closely misses you.
You hit the orc warrior but do no damage.
The orc warrior is severely wounded.
You closely miss the orc warrior.
The orc warrior is severely wounded.
The orc warrior hits you with a +0 glaive!
* * * LOW HITPOINT WARNING * * *
You hit the orc warrior but do no damage.
The orc warrior is severely wounded.
You hit the orc warrior but do no damage.
The orc warrior is severely wounded.
The orc warrior hits you with a +0 glaive!
You die...

........#
........#
........# #.....
........# #....#
......#####+#...#
#..............#
#..o...........#
#..)@..........#
#....).........#
#..............#
#......#####)..#
######## #...#
#...## #....##
######.....#
##+####..........#


You could see an orc warrior.

Vanquished Creatures
  Pikel (D:7)
  2 steam dragons (D:7)
  A sky beast (D:8)
  4 black bears
  An orc warrior (D:7)
  An ogre (D:4)
  A centaur (D:6)
  A lemure (D:7)
  A kobold brigand (D:6)
  2 scorpions
  9 wights
  A howler monkey (D:6)
  2 orc priests
  2 gnoll boudas
  3 hounds
  An iguana (D:4)
  2 sleepcaps (D:4)
  3 orc wizards
  2 adders
  17 gnolls
  A shadow imp (D:7)
  2 white imps
  An ufetubus (D:6)
  A worm (D:2)
  A dart slug (D:4)
  14 orcs
  6 ball pythons
  2 bats (D:1)
  3 endoplasms
  5 goblins
  5 hobgoblins
  2 jackals (D:3)
  A quokka (D:5)
  3 frilled lizards
  14 kobolds
  4 rats
122 creatures vanquished.

Notes
Turn   | Place    | Note
-------+----------+-------------------------------------------
     0 | D:1      | porpoise the Merfolk Gladiator began the quest for the Orb.
     0 | D:1      | Reached XP level 1. HP: 16/16 MP: 1/1
   106 | D:1      | Reached XP level 2. HP: 8/23 MP: 2/2
   570 | D:1      | Found Puhiuh's Antique Armour Boutique.
   790 | D:1      | Reached skill level 5 in Polearms
  1176 | D:2      | Found a faded altar of an unknown god.
  1213 | D:2      | Reached XP level 3. HP: 25/28 MP: 3/3
  1634 | D:3      | Reached XP level 4. HP: 28/35 MP: 4/4
  1806 | D:3      | Reached skill level 6 in Polearms
  1919 | D:3      | Reached XP level 5. HP: 34/41 MP: 5/5
  2140 | D:4      | Reached skill level 7 in Polearms
  2308 | D:4      | Found an opulent altar of Gozag.
  2311 | D:4      | Found Gozag's Platinum Reserve.
  2420 | D:4      | Noticed an ogre
  2430 | D:4      | Killed an ogre
  2431 | D:4      | Reached XP level 6. HP: 10/49 MP: 6/6
  2804 | D:5      | Entered Level 5 of the Dungeon
  2832 | D:4      | Reached skill level 8 in Polearms
  3078 | D:5      | Reached XP level 7. HP: 44/55 MP: 7/7
  3117 | D:5      | Reached skill level 5 in Fighting
  3255 | D:5      | Reached skill level 9 in Polearms
  3617 | D:5      | Found Raxoirea's Antique Weapon Emporium.
  3968 | D:6      | Reached skill level 10 in Polearms
  3968 | D:6      | Reached XP level 8. HP: 60/64 MP: 8/8
  4181 | D:6      | Reached skill level 11 in Polearms
  4666 | D:6      | Found an iron altar of Okawaru.
  5208 | D:7      | Identified the staff of air "Iczumn" {rElec rF+ rC++}
  5243 | D:7      | Noticed a +0 dagger
  5244 | D:7      | Noticed a +0 falchion
  5244 | D:7      | Noticed a +0 spear
  5244 | D:7      | Noticed a +0 falchion
  5245 | D:7      | Noticed a +0 short sword
  5245 | D:7      | Noticed a +0 short sword
  5246 | D:7      | Noticed a +0 spear
  5254 | D:7      | Noticed a +0 dagger
  5256 | D:7      | Reached skill level 12 in Polearms
  5260 | D:7      | Found a hide-covered altar of Uskayaw.
  5333 | D:7      | Found a staircase to the Ecumenical Temple.
  5396 | D:7      | Reached skill level 1 in Armour
  5396 | D:7      | Reached XP level 9. HP: 69/72 MP: 9/9
  5493 | D:7      | Noticed Pikel
  5533 | D:7      | Killed Pikel
  5534 | D:7      | Reached skill level 13 in Polearms
  5927 | D:8      | Found a bloodstained altar of Trog.
  6025 | D:8      | Reached skill level 14 in Polearms
  6110 | D:8      | Mangled by an orc warrior

Illustrated notes

Levels and vault maps discovered:
D:1:      sevenhm_arrival_forest_fort_small_6, layout_basic, serial_shops,
          nicolae_shop_overgrown_old_shop, hangedman_decor_diamond_cutter
D:2:      layout_loops_ring, ebering_ecumenical_altar_box,
          chequers_serial_rivers_large_a, minmay_misc_feat_square
D:3:      layout_basic, kennysheep_pointless_box, hangedman_decor_slide_cut,
          minmay_box_of_dots
D:4:      layout_basic, nicolae_gozag_zags_fifth_avenue
D:5:      layout_basic, serial_shops, shop, minmay_misc_feat_rugged,
          dreamdust_princess_corridor, kennysheep_generic_room_9
D:6:      layout_basic, nicolae_overflow_hidden_temple, nrook_mini_backslash
D:7:      layout_loops_ring, nicolae_uskayaw_en_pointe,
          minmay_temple_entry_from_below_a, uniq_pikel
D:8:      layout_gridville, kennysheep_mini, gammafunk_temple_overflow_claw,
          kennysheep_cluttered_room, chequers_mini_garden

Skill      XL: |  1  2  3  4  5  6  7  8  9 |
---------------+----------------------------+-----
Polearms       | 5 6 7 8 10 12 14 | 14.0
Fighting       | 3 4 5 7 |  7.0
Armour         | 1 3 |  3.0
Throwing       | |  2.0
Dodging        | |  4.2
Evocations     | |  0.5

Action                     |  1- 3 |  4- 6 |  7- 9 || total
---------------------------+-------+-------+-------++-------
  Melee: Trident           |    93 |   154 |   342 ||   589
         Punch             |     1 |       |     3 ||     4
         Tailslap          |     1 |       |       ||     1
   Fire: Sling             |     6 |       |    18 ||    24
  Throw: Dart              |       |    13 |     2 ||    15
    Use: Scroll            |     1 |     6 |     5 ||    12
         Potion            |       |       |     1 ||     1
   Stab: Sleeping          |     2 |     2 |       ||     4
         Distracted        |       |     1 |     1 ||     2
 Armour: Leather armour    |    22 |    22 |    40 ||    84
         Ring mail         |       |     3 |       ||     3
  Dodge: Dodged            |    61 |    60 |   162 ||   283
